 Dungeon Crawl Stone Soup version 0.30.1-11-g7821555f0a (webtiles) character file.

Game seed: 8054347918446485307

2447 lonewolfV2 the Nimble (level 9, -5/72 HPs)
             Began as a Formicid Fighter on Nov 9, 2023.
             Was an Elder of Elyvilon.
             Slain by Duvessa
             ... wielding a +0 falchion
              (8 damage)
             ... on level 5 of the Dungeon.
             The game lasted 00:07:32 (5996 turns).

lonewolfV2 the Nimble (Formicid Fighter)            Turns: 5996, Time: 00:07:33

Health: -5/72      AC: 15    Str: 26    XL:     9   Next: 78%
Magic:  14/14      EV: 15    Int:  7    God:    Elyvilon [****..]
Gold:   276        SH:  7    Dex: 19    Spells: 8/8 levels left

rFire   . . .        a - +2 war axe (protect)
rCold   . . .        c - +1 buckler
rNeg    . . .        b - +0 scale mail
rPois   .            (helmet unavailable)
rElec   .            l - +0 cloak
rCorr   .            (no gloves)
SInv    +            (no boots)
Will    .....        (no amulet) Stlth
                     n - +6 ring of dexterity
HPRegen 0.32/turn    (no ring)
MPRegen 0.14/turn

%: no passive effects
@: under a protective aura
A: permanent stasis, dig shafts and tunnels, antennae 3, four strong arms
a: Dig, Shaft Self, Renounce Religion, Purification, Heal Other, Heal Self


You were on level 5 of the Dungeon.
You worshipped Elyvilon.
Elyvilon was greatly pleased with you.
You visited 1 branch of the dungeon, and saw 6 of its levels.

You collected 276 gold pieces.

Inventory:

Hand Weapons
 a - a +2 war axe of protection (weapon)
Armour
 b - a +0 scale mail (worn)
 c - a +1 buckler (worn)
 l - a +0 cloak (worn)
Jewellery
 n - a +6 ring of dexterity (left hand)
 q - a ring of resist corrosion
Wands
 t - a wand of quicksilver (3)
Scrolls
 j - 5 scrolls of enchant armour
 m - a scroll of vulnerability
 o - a scroll of fog
 v - a scroll of identify
Potions
 d - a potion of might
 e - 2 potions of haste
 f - 2 potions of lignification
 g - a potion of berserk rage
 h - 2 potions of flight {unknown}
 i - a potion of brilliance {unknown}
 k - 3 potions of degeneration
 p - a potion of resistance
 r - 3 potions of curing
 s - 2 potions of ambrosia
 u - a potion of heal wounds


   Skills:
 + Level 7.6 Fighting
 - Level 2.0 Axes
 - Level 3.2 Armour
 * Level 8.1 Dodging
 - Level 4.0 Shields
 + Level 7.3 Invocations


You had 8 spell levels left.
You didn't know any spells.
Your spell library contained the following spells:

 Spells                   Type           Power      Damage    Failure   Level
 Sublimation of Blood     Necr           0%         N/A       88%         2
 Wereblood                Tmut           0%         N/A       88%         2
 Summon Forest            Summ/Tloc      0%         N/A       100%        5
 Summon Mana Viper        Hex/Summ       0%         N/A       100%        5
 Simulacrum               Ice/Necr       0%         N/A       100%        6
 Summon Cactus Giant      Summ           0%         N/A       100%        6
 Ozocubu's Refrigeration  Ice            0%         4d7       100%        7
 Summon Hydra             Summ           0%         N/A       100%        7
 Polar Vortex             Ice            0%         N/A       100%        9


Dungeon Overview and Level Annotations

Branches:
Dungeon (6/15)             Temple (0/1) D:4

Altars:
Ashenzari
Elyvilon
Fedhas
Gozag
Kikubaaqudgha
Qazlal
Uskayaw
Vehumet
Wu Jian

Annotations:
D:5 Duvessa


Innate Abilities, Weirdness & Mutations

You cannot be hasted, slowed, berserked, paralysed or teleported.
You can dig through walls and to a lower floor.
You have a pair of large antennae on your head. (SInv)
Your four strong arms can wield two-handed weapons with a shield.


Message History

The quasit closely misses you.
The quasit claws you but does no damage.
The quasit closely misses you.
You hear a shout!
You slash the quasit!
You kill the quasit!
Duvessa hits you with a +0 falchion.
You barely miss Duvessa. Duvessa barely misses you.
A shadow imp comes into view.
You block Duvessa's attack.
You slash Duvessa!
Duvessa is lightly wounded.
Duvessa closely misses you. Duvessa hits you with a +0 falchion. x2
You hit Duvessa.
Duvessa is lightly wounded.
Duvessa misses you. You block Duvessa's attack.
You hit Duvessa but do no damage.
Duvessa is lightly wounded.
The shadow imp shouts, "Flee, thou baffled rude-growing pumpion!"
Duvessa hits you with a +0 falchion! You block Duvessa's attack.
You hit Duvessa.
Duvessa is moderately wounded.
Duvessa hits you but does no damage. Duvessa hits you with a +0 falchion!
You closely miss Duvessa.
Duvessa is moderately wounded.
Duvessa hits you with a +0 falchion! You block Duvessa's attack.
You closely miss Duvessa.
Duvessa is moderately wounded.
Duvessa barely misses you. Duvessa hits you with a +0 falchion.
You hit Duvessa but do no damage.
Duvessa is moderately wounded.
Duvessa hits you with a +0 falchion! Duvessa misses you.
Duvessa hits you with a +0 falchion!!
* * * LOW HITPOINT WARNING * * *
You slash Duvessa!
Duvessa is heavily wounded.
Duvessa hits you but does no damage. The white imp puffs mist at you.
Duvessa hits you with a +0 falchion!
You die...

#### { #.... { . #.... .# #...>(
... #.)...### ....
........##..⌠.. #55{{.... ###
#e##..... ### ### #.###@# ###..
##.# #.###.....###.#
###..###..#.......#..############
#.....#.............?.#.......)..
##.........#.....#......####..###
##.........##...##......#.....###
.#.........#.....#..............#
......#...............#.#........
..#..###..#.......#..###......###


You could see Duvessa (berserk), a white imp and a shadow imp.

Vanquished Creatures
  Pikel (D:4)
  Prince Ribbit (D:5)
  Sigmund (D:2)
  Menkaure (D:5)
  A water moccasin (D:5)
  2 sky beasts (D:6)
  3 lemures (D:4)
  A centaur (D:6)
  4 scorpions
  Dowan (D:5)
  2 vampire bats (D:3)
  2 quasits (D:5)
  3 hounds
  A sleepcap (D:4)
  Jessica (D:3)
  6 iguanas
  An orc wizard (D:4)
  Natasha (thrice) (D:3)
  10 adders
  2 shadow imps (D:5)
  2 white imps
  2 ufetubi (D:5)
  2 worms
  2 dart slugs (D:1)
  13 orcs
  8 ball pythons
  5 bat skeletons (D:3)
  A bat zombie (D:3)
  3 endoplasms
  4 giant cockroaches
  7 goblins
  7 hobgoblins
  3 jackals (D:2)
  5 kobolds
  2 quokkas (D:4)
  3 bats
  5 frilled lizards
  3 rats (D:1)
124 creatures vanquished.

Notes
Turn   | Place    | Note
-------+----------+-------------------------------------------
     0 | D:1      | lonewolfV2 the Formicid Fighter began the quest for the
                  | Orb.
     0 | D:1      | Reached XP level 1. HP: 18/18 MP: 1/1
   233 | D:1      | Reached XP level 2. HP: 24/24 MP: 2/2
   261 | D:1      | Reached skill level 1 in Dodging
   369 | D:1      | Reached skill level 1 in Invocations
   498 | D:1      | Reached XP level 3. HP: 27/29 MP: 3/3
  1058 | D:2      | Found a faded altar of an unknown god.
  1068 | D:2      | Prayed at the altar of an unknown god.
  1068 | D:2      | Became a worshipper of Elyvilon the Healer
  1068 | D:2      | Reached * piety under Elyvilon
  1072 | D:2      | Noticed Sigmund
  1084 | D:2      | Killed Sigmund
  1085 | D:2      | Reached skill level 3 in Dodging
  1085 | D:2      | Reached XP level 4. HP: 21/38 MP: 4/6
  1085 | D:2      | Reached XP level 5. HP: 24/43 MP: 4/7
  1085 | D:2      | Reached XP level 6. HP: 28/49 MP: 4/8
  1203 | D:2      | Identified the +0 trident "Sineoci" {antimagic, rN+}
  1973 | D:3      | Reached ** piety under Elyvilon
  2048 | D:3      | Noticed Jessica
  2066 | D:3      | Killed Jessica
  2121 | D:3      | You fall into a shaft and drop 3 floors!
  2145 | D:6      | Reached skill level 4 in Dodging
  2322 | D:6      | Reached XP level 7. HP: 51/55 MP: 9/9
  2343 | D:6      | Reached skill level 5 in Fighting
  2390 | D:6      | Found a broken altar of Ashenzari.
  2455 | D:6      | Found a stormy altar of Qazlal.
  2464 | D:6      | Reached skill level 5 in Dodging
  2528 | D:5      | Entered Level 5 of the Dungeon
  2661 | D:5      | Noticed Duvessa
  2661 | D:5      | Noticed Dowan
  2665 | D:5      | Reached XP level 8. HP: 60/63 MP: 11/11
  2679 | D:5      | Elyvilon protects you from harm!
  2680 | D:5      | Pacified Duvessa
  2680 | D:5      | Pacified Dowan
  2681 | D:5      | Reached skill level 5 in Invocations
  2993 | D:5      | Noticed Prince Ribbit
  3008 | D:5      | Killed Prince Ribbit
  3009 | D:5      | Reached skill level 6 in Dodging
  3491 | D:4      | Found a blossoming altar of Fedhas.
  3495 | D:4      | Found a radiant altar of Vehumet.
  3529 | D:4      | Found an ornate altar of the Wu Jian Council.
  3659 | D:3      | Reached *** piety under Elyvilon
  3747 | D:3      | Noticed Natasha
  3759 | D:3      | Killed Natasha
  3995 | D:3      | Noticed Natasha
  4001 | D:3      | Killed Natasha
  4171 | D:3      | Found an ancient bone altar of Kikubaaqudgha.
  4179 | D:3      | Reached XP level 9. HP: 68/71 MP: 13/13
  4267 | D:3      | Noticed Natasha
  4276 | D:3      | Killed Natasha
  4505 | D:4      | Found a hide-covered altar of Uskayaw.
  4558 | D:4      | Found a staircase to the Ecumenical Temple.
  4659 | D:4      | Noticed Pikel
  4694 | D:4      | Killed Pikel
  4695 | D:4      | Reached skill level 7 in Dodging
  5389 | D:5      | Noticed Menkaure
  5396 | D:5      | Killed Menkaure
  5522 | D:5      | Reached **** piety under Elyvilon
  5549 | D:5      | Reached skill level 8 in Dodging
  5583 | D:5      | Found an opulent altar of Gozag.
  5660 | D:5      | Killed Dowan
  5995 | D:5      | HP: 3/72 [Duvessa/+0 falchion (19)]
  5996 | D:5      | Slain by Duvessa

Illustrated notes

Levels and vault maps discovered:
D:1:      psy_arrival_basics, layout_loops_ring
D:2:      layout_loops_ring, ebering_ecumenical_altar_abandoned, minivault_19,
          uniq_sigmund
D:3:      layout_loops_ring, kennysheep_vampire_church,
          chequers_serial_rivers_micro_a, minmay_misc_feat_pillars,
          grunt_decor_mini_mirrors, uniq_natasha, uniq_jessica
D:4:      layout_loops_ring, nicolae_wu_jian_immortal_techniques,
          kennysheep_little_box, chequers_temple_overflow_statue_of_worship,
          minmay_temple_entry_trees, minmay_between, uniq_pikel
D:5:      nicolae_cairo_tiling_large_dashed, layout_loops_cross,
          nicolae_gozag_cash_rules_everything_around_me, serial_demonic,
          serial_demonic_b, serial_demonic_b, serial_demonic_d,
          serial_demonic_f, serial_demonic_a, serial_demonic_f,
          serial_demonic_b, uniq_prince_ribbit1, uniq_menkaure, uniq_duvessa
D:6:      layout_cave_pools, evilmike_ruin_ashenzari,
          nicolae_qazlal_beasts_of_the_sky, minivault_19,
          ebering_dispersal_statue_hall, hex_tiny,
          chequers_serial_rivers_small_3, grunt_ministairs_6, uniq_edmund

Skill      XL: |  1  2  3  4  5  6  7  8  9 |
---------------+----------------------------+-----
Dodging        | 1 3 4 5 6 8 |  8.1
Invocations    | 1 2 3 4 5 7 |  7.3
Fighting       | 4 5 6 7 |  7.6
Axes           | |  2.0
Armour         | |  3.2
Shields        | |  4.0

Action                     |  1- 3 |  4- 6 |  7- 9 || total
---------------------------+-------+-------+-------++-------
  Melee: War axe           |    85 |    84 |   281 ||   450
 Invoke: Heal Other        |       |       |     2 ||     2
    Use: Scroll            |     6 |     3 |     5 ||    14
         Potion            |       |       |     2 ||     2
 Armour: Scale mail        |    43 |    36 |   132 ||   211
  Dodge: Dodged            |    49 |    54 |   282 ||   385
  Block: Buckler           |    30 |    29 |   135 ||   194
